Map: King Sejong Station LE

Players

Dear - Winner!

  • Race: Protoss Protoss

viOLet

  • Race: Zerg Zerg

Event: 2016 WCS Global Finals

VOD

https://youtu.be/ZKUJI1_-1LY

Description

Time

  • Played on: Oct. 28, 2016, 4:06 p.m.
  • Length: 13:48

All games in this series

Show
View Real Time Build Order
Export as new Build Order

Dear Protoss - Winner!

Build Orders: 1 Gate Expand 

Get SALT Encoding   

  12  0:00  Probe (Chrono Boost)  
  13  0:11  Probe (Chrono Boost)  
  14  0:19  Pylon  
  14  0:21  Probe (Chrono Boost)  
  15  0:37  Probe (Chrono Boost)  
  15  0:42  Gateway  
  16  0:48  Probe (Chrono Boost)  
  16  0:49  Assimilator  
  17  0:59  Probe (Chrono Boost)  
  18  1:09  Probe (Chrono Boost)  
  19  1:23  Nexus  
  19  1:26  Probe (Chrono Boost)  
  20  1:36  Cybernetics Core  
  20  1:38  Probe (Chrono Boost)  
  21  1:46  Assimilator  
  21  1:49  Probe (Chrono Boost)  
  21  1:53  Pylon  
  22  1:59  Probe (Chrono Boost)  
  23  2:09  Adept  
  23  2:12  Probe (Chrono Boost), Warp Gate  
  26  2:24  Probe (Chrono Boost)  
  27  2:34  Stargate  
  27  2:35  Probe x2 (Chrono Boost)  
  27  2:36  Zealot  
  31  2:46  Probe x2 (Chrono Boost)  
  33  2:56  Probe (Chrono Boost)  
  33  2:57  Mothership Core (Chrono Boost)  
  36  3:07  Probe (Chrono Boost)  
  36  3:09  Gateway  
  36  3:10  Gateway  
  37  3:15  Probe (Chrono Boost)  
  37  3:17  Void Ray  
  37  3:18  Probe (Chrono Boost)  
  43  3:29  Pylon  
  43  3:32  Probe (Chrono Boost)  
  43  3:33  Probe (Chrono Boost)  
  45  3:45  Probe (Chrono Boost)  
  45  3:46  Probe (Chrono Boost)  
  46  3:50  Robotics Facility  
  46  3:56  Pylon, Probe (Chrono Boost)  
  46  3:57  Probe (Chrono Boost)  
  48  4:06  Void Ray  
  48  4:07  Probe (Chrono Boost)  
  48  4:08  Probe (Chrono Boost)  
  53  4:17  Probe (Chrono Boost)  
  53  4:18  Probe (Chrono Boost)  
  53  4:23  Pylon  
  55  4:28  Probe (Chrono Boost)  
  55  4:29  Probe (Chrono Boost)  
  57  4:32  Adept  
  57  4:33  Adept x2  
  57  4:37  Pylon  
  59  4:40  Probe x2 (Chrono Boost)  
  59  4:41  Assimilator, Observer  
  59  4:43  Assimilator  
  62  4:52  Probe x2 (Chrono Boost)  
  64  4:58  Pylon  
  64  5:02  Twilight Council  
  66  5:07  Nexus, Probe (Chrono Boost)  
  66  5:08  Probe (Chrono Boost)  
  66  5:09  Observer  
  67  5:19  Probe x2 (Chrono Boost)  
  67  5:20  Pylon  
  67  5:25  Adept x2, Resonating Glaives  
  67  5:26  Adept  
  73  5:29  Probe (Chrono Boost)  
  73  5:30  Pylon  
  73  5:32  Probe (Chrono Boost)  
  75  5:40  Forge  
  76  5:43  Probe (Chrono Boost)  
  76  5:44  Probe (Chrono Boost)  
  76  5:48  Adept x3  
  76  5:49  Warp Prism  
  85  5:59  Probe x2 (Chrono Boost)  
  87  6:04  Protoss Ground Weapons Level 1  
  87  6:07  Pylon  
  87  6:11  Probe x2 (Chrono Boost)  
  89  6:21  Probe (Chrono Boost)  
  89  6:22  Immortal  
  89  6:23  Probe x2 (Chrono Boost)  
  92  6:26  Sentry x3  
  92  6:31  Probe (Chrono Boost)  
  103  6:35  Probe x2 (Chrono Boost)  
  105  6:42  Gateway  
  105  6:43  Gateway  
  105  6:47  Gateway  
  105  6:51  Probe x2 (Chrono Boost)  
  107  6:54  Pylon  
  107  6:57  Gateway, Immortal  
  107  6:59  Gateway  
  107  7:05  Sentry x3  
  117  7:09  Assimilator  
  117  7:10  Assimilator  
  117  7:12  Pylon  
  117  7:14  Pylon  
  117  7:15  Photon Cannon  
  117  7:16  Pylon  
  117  7:20  Pylon  
  117  7:35  Adept  
  117  7:36  Adept x2  
  123  7:45  Adept  
  123  7:47  Stalker x2  
  123  7:49  Photon Cannon  
  123  7:50  Pylon  
  129  7:51  Immortal, Pylon  
  129  7:53  Pylon  
  132  8:08  Protoss Ground Weapons Level 2  
  132  8:09  Robotics Facility  
  132  8:11  Stalker x4  
  132  8:12  Robotics Bay, Stalker x2  
  136  8:35  Adept x5  
  136  8:36  Adept x3  
  150  8:42  Pylon  
  140  8:50  Charge  
  140  8:55  Disruptor  
  138  8:56  Disruptor  
  138  8:58  Nexus  
  140  9:07  Photon Cannon  
  140  9:08  Photon Cannon  
  140  9:20  Pylon  
  140  9:23  Nexus  
  140  9:27  Zealot  
  140  9:29  Adept, Disruptor x2  
  140  9:30  Adept  
  152  9:40  Pylon  
  152  9:56  Templar Archives  
  152  9:59  Gateway  
  155  10:00  Photon Cannon, Warp Prism, Probe x3 (Chrono Boost), Disruptor  
  155  10:01  Gateway  
  155  10:02  Photon Cannon  
  160  10:07  Protoss Ground Weapons Level 3  
  160  10:25  Adept x8  
  138  11:10  Stalker x8  
  134  11:16  Immortal x2  
  134  11:18  Blink  
  120  11:24  Assimilator  
  120  11:25  Assimilator  
  100  11:36  High Templar  
  100  11:37  High Templar x3, Zealot x4  
  100  11:38  Zealot x2  
  120  11:43  Archon  
  120  11:44  Archon  
  120  12:01  Stalker x6  
  128  12:07  Dark Shrine  
  132  12:09  Zealot  
  132  12:10  Zealot x3, Disruptor  
  132  12:12  Observer  
  136  12:28  Disruptor  
  136  12:35  Zealot x6  
  151  12:41  Pylon, Disruptor  
  151  12:43  Zealot x4  
  151  12:44  Oracle  
  160  13:03  Adept x4  
  168  13:08  Observer  
  168  13:12  Disruptor  
  157  13:20  Zealot x6  
  146  13:34  High Templar  
  146  13:35  High Templar x3  
  146  13:39  Archon x2  
  146  13:42  Zealot x6  
Show
View Real Time Build Order
Export as new Build Order

viOLet Zerg 

Build Orders: Hatch First, Lurkers 

Get SALT Encoding   

  12  0:00  Drone  
  13  0:12  Overlord  
  13  0:17  Drone  
  14  0:30  Drone x2  
  16  0:48  Hatchery  
  15  0:51  Drone  
  15  0:54  Drone  
  17  0:58  Drone  
  18  1:05  Extractor  
  17  1:14  Spawning Pool  
  17  1:17  Drone  
  17  1:22  Drone  
  18  1:29  Drone  
  19  1:43  Overlord  
  19  1:51  Drone  
  20  2:01  Queen x2  
  20  2:02  Zergling x2  
  20  2:03  Zergling x2  
  26  2:09  Metabolic Boost  
  26  2:27  Roach Warren  
  25  2:31  Zergling x2  
  25  2:34  Overlord  
  26  3:08  Roach x5  
  26  3:12  Roach x2  
  40  3:14  Drone x3  
  43  3:20  Overlord  
  43  3:35  Drone  
  44  3:41  Drone  
  44  3:42  Drone x5  
  50  3:57  Hatchery  
  50  4:01  Overlord  
  49  4:06  Overlord  
  49  4:07  Drone  
  50  4:16  Overlord x2  
  50  4:24  Drone x2  
  51  4:29  Drone x2  
  51  4:30  Drone  
  50  4:40  Queen  
  50  4:41  Drone  
  50  4:42  Drone x2  
  50  4:45  Drone x3  
  54  4:46  Extractor  
  54  4:50  Queen  
  55  4:55  Evolution Chamber  
  55  4:59  Drone x3  
  57  5:05  Drone  
  57  5:06  Drone  
  58  5:14  Spore Crawler  
  58  5:16  Pneumatized Carapace  
  57  5:22  Drone  
  57  5:23  Drone x9  
  67  5:30  Queen  
  67  5:32  Zerg Melee Weapons Level 1  
  69  5:36  Overlord x2  
  69  5:38  Spore Crawler  
  69  5:41  Drone x3  
  71  5:45  Drone x2  
  71  5:48  Overlord  
  73  5:54  Overlord  
  73  5:58  Drone x4  
  73  6:01  Extractor  
  73  6:02  Extractor  
  75  6:05  Lair  
  75  6:06  Zergling x2  
  75  6:07  Zergling x8  
  80  6:14  Zergling x6  
  83  6:26  Roach x2, Zergling x2  
  83  6:28  Zergling x2  
  83  6:29  Zergling x4  
  91  6:33  Zergling x8  
  91  6:34  Queen  
  91  6:35  Queen  
  99  6:41  Zergling x2  
  99  6:42  Zergling x6  
  99  6:43  Overlord  
  103  6:48  Overlord x2  
  103  7:01  Baneling Nest  
  102  7:04  Zergling x8  
  102  7:05  Glial Reconstitution  
  102  7:07  Extractor  
  105  7:09  Hydralisk Den  
  105  7:10  Queen x2  
  105  7:11  Extractor  
  105  7:12  Drone x4  
  105  7:13  Drone x2  
  105  7:15  Drone  
  114  7:17  Overseer  
  114  7:19  Zergling x6  
  117  7:23  Hatchery  
  116  7:31  Zerg Melee Weapons Level 2  
  116  7:34  Drone x4  
  116  7:35  Drone  
  121  7:43  Overlord x2  
  121  7:59  Overlord x3  
  121  8:01  Muscular Augments  
  110  8:07  Hydralisk  
  110  8:08  Hydralisk x4  
  110  8:09  Hydralisk  
  110  8:12  Hydralisk  
  118  8:27  Hydralisk x3  
  118  8:30  Drone  
  125  8:40  Zergling x16  
  132  8:43  Hydralisk x2  
  132  8:44  Hydralisk x2  
  134  8:49  Zergling x4  
  134  8:53  Hydralisk x3  
  137  8:56  Hydralisk  
  137  8:57  Zergling x2  
  140  9:08  Overlord x2  
  140  9:10  Drone  
  140  9:11  Drone x2  
  140  9:12  Drone  
  140  9:13  Drone x4  
  148  9:19  Hatchery, Hydralisk x2  
  148  9:20  Overlord  
  148  9:23  Drone x3  
  153  9:33  Lurker Den  
  153  9:35  Drone  
  153  9:36  Drone x2  
  150  9:42  Zergling x16  
  156  9:50  Zergling x2, Overlord  
  154  10:00  Zergling x2  
  154  10:01  Zergling x4  
  154  10:02  Centrifical Hooks  
  154  10:04  Zergling x2  
  154  10:05  Zergling x4  
  160  10:11  Baneling x15  
  160  10:12  Zergling x2  
  160  10:13  Zergling x2  
  160  10:19  Zergling x12  
  164  10:23  Baneling  
  164  10:30  Zergling x8  
  164  10:34  Zergling x4  
  171  10:41  Zergling x4  
  171  10:42  Zergling x8  
  150  10:58  Zergling x2  
  150  11:00  Zergling x2  
  150  11:03  Zergling x14  
  144  11:09  Zergling x10  
  122  11:15  Hydralisk  
  122  11:17  Zergling x2  
  117  11:22  Zergling x2  
  105  11:27  Zergling x4  
  105  11:29  Zergling x2  
  101  11:37  Lurker x2  
  101  11:38  Lurker  
  104  11:43  Hatchery, Hydralisk x12  
  127  11:47  Hatchery  
  127  11:49  Hatchery  
  120  12:05  Overseer x2  
  120  12:11  Zergling x2  
  120  12:12  Zergling x18  
  129  12:22  Hydralisk x2  
  125  12:23  Hydralisk  
  125  12:28  Zergling x14  
  137  12:34  Lurker x6  
  138  12:49  Zergling x22  
  149  13:00  Hatchery  
  145  13:09  Hydralisk x2  
  145  13:10  Hydralisk  
  145  13:11  Zergling x2  
  145  13:12  Zergling x2, Hydralisk  
  122  13:23  Hydralisk x7  
  122  13:24  Zergling x2, Hydralisk  
Tags
 
Add a new tag
Caveats
  • Supply blocks, unpowered buildings, or Contaminate may cause inaccurate times.
  • Supply counts are checked every 10 seconds.